 Dungeon Crawl Stone Soup version 0.30.1-4-g462c640d31 (webtiles) character file.

Game seed: 15144344503846706727

75 Babbit the Shield-Bearer (level 4, 0/40 HPs)
             Began as a Minotaur Fighter on Aug 11, 2023.
             Slain by a gnoll
             ... wielding a +0 flail
              (8 damage)
             ... on level 2 of the Dungeon.
             The game lasted 00:03:02 (1362 turns).

Babbit the Shield-Bearer (Minotaur Fighter)         Turns: 1362, Time: 00:03:02

Health: 0/40       AC:  8    Str: 23    XL:     4   Next: 11%
Magic:  3/3        EV:  9    Int:  5    God:
Gold:   149        SH:  4    Dex:  9    Spells: 3/3 levels left

rFire   . . .        a - +0 war axe
rCold   . . .        c - +0 buckler
rNeg    . . .        b - +0 scale mail
rPois   .            (helmet restricted)
rElec   .            (no cloak)
rCorr   .            g - +0 pair of gloves
SInv    .            (no boots)
Will    .....        (no amulet) Stlth
                     (no ring)
HPRegen 0.26/turn    (no ring)
MPRegen 0.08/turn

%: no passive effects
@: no status effects
A: horns 2, retaliatory headbutt
a: no special abilities


You were on level 2 of the Dungeon.
You visited 1 branch of the dungeon, and saw 2 of its levels.

You collected 149 gold pieces.

Inventory:

Hand Weapons
 a - a +0 war axe (weapon)
Armour
 b - a +0 scale mail (worn)
 c - a +0 buckler (worn)
 g - a +0 pair of gloves (worn)
Scrolls
 e - a scroll of vulnerability {unknown}
 j - a scroll of fear {unknown}
Potions
 d - a potion of might
 f - a potion of attraction {unknown}
 h - a potion of ambrosia {unknown}
 i - a potion of degeneration {unknown}
 k - a potion of resistance {unknown}


   Skills:
 + Level 4.1 Fighting
 + Level 3.8 Axes
 + Level 4.2 Armour
 + Level 0.2 Dodging
 + Level 4.2 Shields


You had 3 spell levels left.
You didn't know any spells.
Your spell library was empty.

Dungeon Overview and Level Annotations

Branches:
Dungeon (2/15)

Altars:

Shops:
D:1 :


Innate Abilities, Weirdness & Mutations

You have a pair of horns on your head.
You reflexively headbutt those who attack you in melee.


Message History

You are too injured to fight recklessly!
You are too injured to fight recklessly!
You slash the gnoll!
You kill the gnoll!
You hit the gnoll.
The gnoll is almost dead.
The gnoll barely misses you.
You slash the gnoll!
You kill the gnoll!
The gnoll hits you but does no damage. The gnoll barely misses you.
The gnoll completely misses you.
Things that are here:
a +0 flail; a +0 whip; a gnoll corpse You closely miss the gnoll.
The gnoll hits you but does no damage.
You hit the gnoll.
The gnoll is moderately wounded.
The gnoll completely misses you. You furiously retaliate!
You headbutt the gnoll!
You kill the gnoll!
The gnoll hits you with a +0 flail.
You have reached level 4!
You feel stronger.
You slash the gnoll! Your headbutt misses the gnoll.
The gnoll is severely wounded.
The gnoll hits you with a +0 flail.
You closely miss the gnoll. Your headbutt misses the gnoll.
The gnoll is severely wounded.
The gnoll hits you with a +0 flail!
* * * LOW HITPOINT WARNING * * *
You barely miss the gnoll. Your headbutt misses the gnoll.
The gnoll is severely wounded.
The gnoll barely misses you. The gnoll hits you with a +0 flail.
* * * LOW HITPOINT WARNING * * *
You closely miss the gnoll.
The gnoll is severely wounded.
The gnoll barely misses you.
You closely miss the gnoll.
The gnoll is severely wounded.
The gnoll hits you with a +0 flail!
You die...

#.# #.# #.# #.# #
#.# # ##.#######
####### #.......>#
#.....###..#####.#
#...#.#....# #@#
###.#.#.#.## #g#
'...#.#.#.# #.#
##..#.#.#.# #.#
##..#.#.#.# #.#
##..#.#.#.# #.#
##..#.#.#.# #.#
..........# #.#
#..########


You could see a gnoll.

Vanquished Creatures
  An adder (D:2)
  3 gnolls (D:2)
  3 ball pythons (D:1)
  3 endoplasms (D:1)
  4 goblins
  2 hobgoblins (D:1)
  2 jackals (D:1)
  A quokka (D:1)
  6 bats
  A frilled lizard (D:1)
  5 kobolds (D:1)
  3 rats (D:1)
34 creatures vanquished.

Notes
Turn   | Place    | Note
-------+----------+-------------------------------------------
     0 | D:1      | Babbit the Minotaur Fighter began the quest for the Orb.
     0 | D:1      | Reached XP level 1. HP: 19/19 MP: 0/0
    33 | D:1      | Found a transporter.
    35 | D:1      | Found Xofirompel's Book Shoppe.
   177 | D:1      | Reached XP level 2. HP: 23/27 MP: 1/1
   367 | D:1      | Found a transporter.
   528 | D:1      | Reached XP level 3. HP: 33/33 MP: 2/2
  1358 | D:2      | Reached XP level 4. HP: 21/40 MP: 3/3
  1362 | D:2      | Slain by a gnoll

Illustrated notes

Levels and vault maps discovered:
D:1:      dpeg_arrival_tiny_h, layout_basic, serial_shops,
          nicolae_shop_drivethru, serial_curves, eino_curves_02, eino_curves_04,
          eino_curves_02, eino_curves_02, minmay_misc_feat_diagonals
D:2:      layout_basic

Skill      XL: |  1  2 |
---------------+-------+-----
Armour         | 4 |  4.2
Fighting       | 4 |  4.1
Shields        | 4 |  4.2
Axes           | 3 |  3.8
Dodging        | |  0.2

Action                     |  1- 3 |  4- 6 || total
---------------------------+-------+-------++-------
  Melee: War axe           |    59 |     5 ||    64
         Headbutt          |     4 |       ||     4
 Armour: Scale mail        |    33 |       ||    33
  Dodge: Dodged            |    28 |     2 ||    30
  Block: Buckler           |    22 |       ||    22
